 Dungeon Crawl Stone Soup version 0.31-a0-237-g2d982f9f85 (webtiles) character file.

Game seed: 5790508213797349474

493 qw the Shooter (level 7, 0/44 HPs)
             Began as a Gargoyle Hexslinger on July 11, 2023.
             Slain by Edmund
             ... wielding a +0 flail of holy wrath
              (3 damage)
             ... on level 4 of the Dungeon.
             The game lasted 00:01:26 (3197 turns).

qw the Shooter (Gargoyle Hexslinger)                Turns: 3197, Time: 00:01:27

Health: 0/44       AC: 10    Str: 10    XL:     7   Next: 15%
Magic:  8/8        EV: 10    Int: 18    God:
Gold:   228        SH:  0    Dex: 13    Spells: 7/8 levels left

rFire   . . .        Y - +2 sling
rCold   . . .        (no shield)
rNeg    + . .        d - +0 ring mail
rPois   inf          (no helmet)
rElec   +            (no cloak)
rCorr   .            (no gloves)
SInv    .            (no boots)
Will    .....        (no amulet)
Stlth   ++           (no ring)
HPRegen 0.27/turn    (no ring)
MPRegen 0.11/turn

%: no passive effects
@: no status effects
A: sickness immunity, AC +4, negative energy resistance 1, electricity
resistance, torment resistance 1, petrification resistance, camouflage 1, clever
1
a: no special abilities


You were on level 4 of the Dungeon.
You visited 1 branch of the dungeon, and saw 4 of its levels.

You collected 228 gold pieces.


Innate Abilities, Weirdness & Mutations

You are immune to sickness and miasma.
Your stone body is resilient. (AC +4)
You are immune to poison.
You resist negative energy. (rN+)
You are resistant to electric shocks. (rElec)
You are resistant to unholy torment.
You are immune to petrification.
Your skin changes colour to match your surroundings (Stealth+).
Your mind is acute. (Int +4, Str/Dex -1)


   Skills:
 - Level 4.5 Fighting
 + Level 6.2 Ranged Weapons
 - Level 1.0 Armour
 - Level 1.5 Dodging
 - Level 1.0 Spellcasting
 - Level 2.6 Hexes


You had 7 spell levels left.
You knew the following spells:

 Your Spells              Type           Power      Damage    Failure   Level
a - Slow                  Hex            40%        N/A       17%         1

Your spell library contained the following spells:

 Spells                   Type           Power      Damage    Failure   Level
 Inner Flame              Hex/Fire       5%         N/A       65%         3
 Portal Projectile        Hex/Tloc       10%        N/A       65%         3
 Cause Fear               Hex            5%         N/A       86%         4

Inventory:

Hand Weapons
 Y - a +2 sling (weapon)
Armour
 d - a +0 ring mail (worn)
Jewellery
 g - a ring of ice
Scrolls
 a - 2 scrolls of identify
 c - a scroll of acquirement {unknown}
Potions
 b - a potion of enlightenment {unknown}
 e - 2 potions of haste
 f - a potion of curing
 h - a potion of brilliance {unknown}
 i - a potion of resistance
 j - a potion of lignification {unknown}
 l - a potion of invisibility {unknown}
 m - a potion of mutation

Dungeon Overview and Level Annotations

Branches:
Dungeon (4/15)
 Temple: D:4-7

Altars:
Gozag

Annotations:
D:3 1 runed translucent door, Crazy Yiuf
D:4 Edmund


Message History

Edmund is heavily wounded.
Edmund barely misses you.
You shoot a sling bullet.
The sling bullet hits Edmund but does no damage.
Edmund is heavily wounded.
Edmund barely misses you.
You shoot a sling bullet.
The sling bullet hits Edmund but does no damage.
Edmund is heavily wounded.
Edmund grinds his teeth, and then sighs.
Edmund completely misses you.
You shoot a sling bullet. The sling bullet hits Edmund.
Edmund is heavily wounded.
Edmund hits you with a +0 flail of holy wrath!
Edmund says, "People accused me of being a cutpurse!"
Edmund closely misses you.
You shoot a sling bullet. The sling bullet hits Edmund.
Edmund is severely wounded.
Edmund hits you with a +0 flail of holy wrath.
You shoot a sling bullet. The sling bullet hits Edmund.
Edmund is severely wounded.
Edmund hits you but does no damage.
You shoot a sling bullet.
The sling bullet hits Edmund but does no damage.
Edmund is severely wounded.
Edmund hits you with a +0 flail of holy wrath.
You shoot a sling bullet. The sling bullet barely misses Edmund.
Edmund barely misses you.
Edmund hits you with a +0 flail of holy wrath.
You shoot a sling bullet. The sling bullet closely misses Edmund.
Edmund hits you but does no damage.
You shoot a sling bullet.
The sling bullet hits Edmund but does no damage.
Edmund is severely wounded.
Edmund completely misses you.
You shoot a sling bullet.
The sling bullet hits Edmund but does no damage.
Edmund is severely wounded.
Edmund hits you with a +0 flail of holy wrath. x2
You die...

....#....#
#........[.#........#
#####....#
#........%.#........# #
#####......)..#........#
.
....#.........#........#
#
....#.#########..##....#
........#######..#######
........#...#....#
........'...'....#
.......@########## #
#####...@...... #
#.......... #
#.......... #
#.......... #
#.......... #
#.......... #
......##+## #####


You could see Edmund.

Vanquished Creatures
  A black bear (D:3)
  A bullfrog (D:3)
  A jelly (D:4)
  A scorpion (D:4)
  A hound (D:4)
  Terence (D:3)
  A sleepcap (D:4)
  4 adders
  3 worms
  3 dart slugs
  6 orcs
  6 bats
  5 endoplasms
  3 giant cockroaches
  6 goblins
  8 hobgoblins
  8 jackals
  8 kobolds
  5 quokkas
  4 ball pythons
  3 frilled lizards
  5 rats
84 creatures vanquished.

Notes
Turn   | Place    | Note
-------+----------+-------------------------------------------
     0 | D:1      | qw the Gargoyle Hexslinger began the quest for the Orb.
     0 | D:1      | Reached XP level 1. HP: 12/12 MP: 2/2
     0 | D:1      | 0 ||| qw: Version: 0.3-a-52-g30416fa
     0 | D:1      | 0 ||| qw: Game counter: 5650
     0 | D:1      | 0 ||| qw: Melee chars always use a shield: true
     0 | D:1      | 0 ||| qw: God list: Okawaru
     0 | D:1      | 0 ||| qw: Allow faded altars: false
     0 | D:1      | 0 ||| qw: Do Orc after clearing Dungeon:15 true
     0 | D:1      | 0 ||| qw: Do second Lair branch before Depths: true
     0 | D:1      | 0 ||| qw: Lair rune preference: random
     0 | D:1      | 0 ||| qw: Goals: Normal
     0 | D:1      | 0 ||| PLANNING D:1-11
    85 | D:1      | Reached XP level 2. HP: 16/16 MP: 3/3
   123 | D:1      | Reached skill level 3 in Ranged Weapons
   363 | D:1      | Reached XP level 3. HP: 17/21 MP: 4/4
   465 | D:1      | Found a faded altar of an unknown god.
   725 | D:1      | 725 ||| UPGRADING to +0 ring mail.
   735 | D:1      | 735 ||| DROPPING +0 robe.
   736 | D:1      | 736 ||| DROPPING scroll of poison.
   918 | D:2      | Reached XP level 4. HP: 25/26 MP: 5/5
   934 | D:2      | 934 ||| Stepping ~*~*~tactically~*~*~ (outnumbered).
   943 | D:2      | Reached skill level 4 in Ranged Weapons
  1521 | D:2      | 1521 ||| READING 2 scrolls labelled FEMUGH DORISY.
  1522 | D:2      | 1522 ||| READING scroll labelled ELITI EMIOMOAWN.
  1523 | D:2      | 1523 ||| READING scroll labelled MYATANNACEV.
  1524 | D:2      | 1524 ||| READING scroll labelled NULERH GIEDDO.
  1525 | D:2      | 1525 ||| DRINKING 2 cyan potions.
  1590 | D:3      | Reached skill level 1 in Armour
  1620 | D:3      | Noticed Terence
  1630 | D:3      | HP: 3/26 [Terence/+0 flail (6)]
  1631 | D:3      | 1631 ||| DRINKING potion of heal wounds.
  1632 | D:3      | Killed Terence
  1719 | D:3      | Reached XP level 5. HP: 30/30 MP: 6/6
  1725 | D:3      | Found an opulent altar of Gozag.
  1919 | D:3      | Noticed a black bear
  1926 | D:3      | Killed a black bear
  1927 | D:3      | Reached skill level 5 in Ranged Weapons
  2087 | D:3      | Reached XP level 6. HP: 36/36 MP: 7/7
  2100 | D:3      | Reached skill level 3 in Fighting
  2214 | D:3      | Found a runed translucent door.
  2215 | D:3      | Noticed Crazy Yiuf
  2531 | D:3      | 2531 ||| DROPPING +6 ring of intelligence.
  2532 | D:3      | 2532 ||| READING scroll labelled XOCUOG KIYFF.
  2533 | D:3      | 2533 ||| READING scroll labelled ONIZA NOXTY.
  2534 | D:3      | 2534 ||| DRINKING 2 glowing coppery potions.
  2535 | D:3      | 2535 ||| DRINKING 2 ruby potions.
  2535 | D:3      | Gained mutation: Your skin changes colour to match your
                  | surroundings (Stealth+). [potion of mutation]
  2535 | D:3      | Gained mutation: Your mind is acute. (Int +4, Str/Dex -1)
                  | [potion of mutation]
  2536 | D:3      | 2536 ||| READING 3 scrolls of identify.
  2536 | D:3      | 2536 ||| IDENTIFYING puce potion
  2537 | D:3      | 2537 ||| READING 2 scrolls of identify.
  2537 | D:3      | 2537 ||| IDENTIFYING smoky cyan potion
  2794 | D:4      | Reached skill level 6 in Ranged Weapons
  2895 | D:4      | Reached XP level 7. HP: 42/42 MP: 8/8
  3160 | D:4      | Noticed Edmund
  3177 | D:4      | HP: 8/44 [Edmund/+0 flail of holy wrath (5)]
  3178 | D:4      | 3178 ||| DRINKING potion of heal wounds.
  3190 | D:4      | HP: 9/44 [Edmund/+0 flail of holy wrath (10)]
  3197 | D:4      | HP: 3/44 [Edmund/+0 flail of holy wrath (3)]
  3197 | D:4      | Slain by Edmund

Levels and vault maps discovered:
D:1:      saegor_arrival_simple_c, layout_basic,
          hellmonk_ecumenical_altar_heavens_door
D:2:      layout_basic, kennysheep_pointless_box, minmay_liquid_box
D:3:      minmay_door_path, layout_loops_ring,
          nicolae_gozag_cash_rules_everything_around_me,
          uniq_crazy_yiuf_cottage, uniq_terence
D:4:      layout_gridville, grunt_ministairs_7, minmay_box_of_dots, uniq_edmund

Skill      XL: |  1  2  3  4  5  6  7 |
---------------+----------------------+-----
Ranged Weapons | 3 4 5 6 |  6.2
Fighting       | 2 3 4 |  4.5
Armour         | 1 |  1.0
Dodging        | |  1.5
Spellcasting   | |  1.0
Hexes          | |  2.6

Action                     |  1- 3 |  4- 6 |  7- 9 || total
---------------------------+-------+-------+-------++-------
   Fire: Sling             |   115 |   205 |    48 ||   368
    Use: Scroll            |       |     8 |       ||     8
         Potion            |       |     4 |     1 ||     5
 Armour: Robe              |    21 |       |       ||    21
         Ring mail         |     5 |    78 |    13 ||    96
  Dodge: Dodged            |    58 |    81 |    13 ||   152

Table legend:
 A = Non-vault XP
 B = Vault XP
 C = Vault XP percentage of total XP
 D = Non-vault monster count
 E = Vault monster count
 F = Vault count percentage of total count
                 A         B        C        D         E       F
            +---------+---------+-------+---------+---------+-------
      Total |     516 |     189 |  26.8 |      75 |       9 |  10.7
            +---------+---------+-------+---------+---------+-------
        D:1 |      49 |       0 |   0.0 |      27 |       0 |   0.0
        D:2 |      65 |       0 |   0.0 |      21 |       0 |   0.0
        D:3 |     266 |      56 |  17.4 |      18 |       4 |  18.2
        D:4 |     136 |     133 |  49.4 |       9 |       5 |  35.7
            +---------+---------+-------+---------+---------+-------
